 Dungeon Crawl Stone Soup version 0.22.0-18-ge075c0de6d (webtiles) character file.

117 Flugkiller the Caller (level 5, -6/26 HPs)
             Began as a Vine Stalker Summoner on Aug 18, 2018.
             Was an Initiate of Cheibriados.
             Mangled by Sigmund
             ... wielding a +0 scythe
              (9 damage)
             ... on level 2 of the Dungeon.
             The game lasted 00:03:08 (1352 turns).

Flugkiller the Caller (Vine Stalker Summoner)       Turns: 1352, Time: 00:03:09

Health: -6/26      AC:  5    Str: 12    XL:     5   Next: 1%
Magic:  0/9        EV: 11    Int: 16    God:    Cheibriados [......]
Gold:   107        SH:  0    Dex: 16    Spells: 7/8 levels left

rFire    . . .     SeeInvis .   e - +0 spear
rCold    . . .     Gourm    .   (no shield)
rNeg     . . .     Faith    .   f - +0 ring mail
rPois    .         Spirit   +   (no helmet)
rElec    .         Reflect  .   (no cloak)
rCorr    .         Harm     .   (no gloves)
MR       .....                  (no boots)
Stlth    ++........             j - amulet of the acrobat
HPRegen  0.48/turn              (no ring)
MPRegen  0.11/turn              (no ring)

@: slow
A: fangs 2, regeneration 1, magic shield, antimagic bite, no potion heal 3, rot
immunity
a: Bend Time, Renounce Religion


You were on level 2 of the Dungeon.
You worshipped Cheibriados.
Cheibriados was noncommittal.
You were not hungry.

You visited 1 branch of the dungeon, and saw 2 of its levels.

You collected 107 gold pieces.

Inventory:

Hand Weapons
 d - a +0 short sword
 e - a +0 spear (weapon)
Armour
 a - a +0 robe
 f - a +0 ring mail (worn)
Jewellery
 j - an amulet of the acrobat (around neck)
 l - a +2 ring of intelligence {unknown}
Scrolls
 h - a scroll of immolation {unknown}
 i - a scroll of remove curse {unknown}
 k - 3 scrolls of identify {unknown}
 o - a scroll of teleportation {unknown}
Potions
 b - a potion of degeneration {unknown}
 m - 2 potions of heal wounds {unknown}
 n - a potion of haste {unknown}
Comestibles
 c - 6 rations


   Skills:
 + Level 2.0 Fighting
 * Level 2.3 Polearms
 + Level 2.5 Dodging
 - Level 2.4 Stealth
 - Level 2.1 Spellcasting
 - Level 4.0 Summonings
 * Level 0.0 Invocations


You had 7 spell levels left.
You knew the following spells:

 Your Spells              Type           Power        Failure   Level  Hunger
a - Summon Small Mammal   Summ           ##..         9%          1    #......

Your spell library contained the following spells:

 Spells                   Type           Power        Failure   Level  Hunger
 Call Imp                 Summ           ##......     14%         2    ###....
 Call Canine Familiar     Summ           ##......     26%         3    ###....
 Summon Guardian Golem    Hex/Summ       #.......     52%         3    ###....
 Summon Ice Beast         Ice/Summ       #.......     90%         4    #####..
 Summon Lightning Spire   Summ/Air       #.......     90%         4    #####..


Dungeon Overview and Level Annotations

Branches:
Dungeon (2/15)

Altars:
Cheibriados

Annotations:
D:2 Natasha, Sigmund


Innate Abilities, Weirdness & Mutations

You have extremely sharp teeth.
Your natural rate of healing is unusually fast.
When hurt, damage is shared between your health and your magic reserves.
Your bite disrupts and absorbs the magic of your enemies.
Potions cannot restore your health.
You are immune to rotting.


Message History

* * * LOW HITPOINT WARNING * * *
The ooze closely misses you.
All of the chunks of flesh in your inventory have rotted away.
You hit Natasha. You bite Natasha.
Natasha's magic leaks into the air.
You drain her magic.
You feel invigorated.
Natasha is almost dead.
Natasha wildly gestures.
Natasha shimmers violently.
Natasha claws you.
* * * LOW HITPOINT WARNING * * *
The ooze misses you. The flow of time bends around you.
Cheibriados rebukes the ooze.
The ooze seems to slow down.
Natasha resists with some effort.
You feel slightly more hungry. Something hits you but does no damage.
Natasha casts a spell.
You closely miss Natasha. Your bite misses Natasha.
Natasha is almost dead.
Natasha barely misses you. Something hits you!
You die...

#............
#............
###.#........
##########...#......
..........#.........
#......._..##........
#.>........##........
#..........##...#....
#..........##@.......
#..........##Jh......
#..........##{....#..
#..........##.5......
###.##.####........#
#. #.# #.###.#..# #
#.####.# .#...
#.h....###.#.## #.
#..####........ #.#


You could see Natasha, an ooze and a shadow imp.

Vanquished Creatures
  Terence (D:2)
  Natasha (twice) (D:2)
  An adder (D:2)
  An ooze (D:1)
  2 dart slugs
  2 giant cockroaches
  6 hobgoblins
  5 kobolds
  4 bats
  2 frilled lizards (D:2)
  A goblin (D:2)
  6 rats
33 creatures vanquished.

Vanquished Creatures (collateral kills)
  A gnoll (D:1)
  A leopard gecko (D:1)
  A giant cockroach (D:1)
  A hobgoblin (D:1)
  A kobold (D:1)
  A ball python (D:1)
6 creatures vanquished.

Grand Total: 39 creatures vanquished

Notes
Turn   | Place    | Note
-------+----------+-------------------------------------------
     0 | D:1      | Flugkiller the Vine Stalker Summoner began the quest for the Orb.
     0 | D:1      | Reached XP level 1. HP: 9/9 MP: 4/4
   289 | D:1      | Reached skill level 1 in Fighting
   289 | D:1      | Reached XP level 2. HP: 14/14 MP: 1/6
   545 | D:1      | Reached XP level 3. HP: 18/18 MP: 7/7
   754 | D:1      | Reached skill level 1 in Polearms
   933 | D:2      | Noticed Natasha
   940 | D:2      | Killed Natasha
   940 | D:2      | Gained mutation: Your natural rate of healing is unusually fast. [Vine Stalker growth]
   940 | D:2      | Reached XP level 4. HP: 10/22 MP: 5/8
  1099 | D:2      | Found a snail-covered altar of Cheibriados.
  1114 | D:2      | Noticed Terence
  1161 | D:2      | Noticed Natasha
  1216 | D:2      | Killed Terence
  1224 | D:2      | Killed Natasha
  1224 | D:2      | Reached XP level 5. HP: 14/26 MP: 3/9
  1302 | D:2      | Became a worshipper of Cheibriados the Contemplative
  1318 | D:2      | Noticed Natasha
  1322 | D:2      | Noticed Sigmund
  1352 | D:2      | Mangled by Sigmund

Skill      XL: |  1  2  3  4 |
---------------+-------------+-----
Fighting       | 1 2 |  2.0
Dodging        | 2 |  2.5
Polearms       | 1 2 |  2.3
Stealth        | |  2.4
Spellcasting   | |  2.1
Summonings     | |  4.0

Action                   |  1- 3 |  4- 6 || total
-------------------------+-------+-------++-------
Melee: Short sword       |    10 |       ||    10
       Bite              |     9 |    29 ||    38
       Spear             |    67 |   101 ||   168
 Cast: Summon Small Mamm |    17 |       ||    17
Invok: Bend Time         |       |     1 ||     1
 Stab: Sleeping          |     3 |     1 ||     4
  Eat: Chunk             |       |     2 ||     2
Armor: Robe              |     5 |       ||     5
       Ring mail         |    19 |    12 ||    31
Dodge: Dodged            |    38 |    64 ||   102
